 Dungeon Crawl Stone Soup version 0.31-a0-426-g3a05650e59 (webtiles) character file.

Game seed: 1409278117849708672

351 horus123 the Magician (level 6, -3/32 HPs)
             Began as a Deep Elf Conjurer on July 31, 2023.
             Slain by Edmund
             ... wielding a +0 flail of protection
              (12 damage)
             ... on level 3 of the Dungeon.
             The game lasted 00:07:46 (3684 turns).

horus123 the Magician (Deep Elf Conjurer)           Turns: 3684, Time: 00:07:46

Health: -3/32      AC:  2    Str:  4    XL:     6   Next: 34%
Magic:  4/18       EV: 12    Int: 25    God:
Gold:   133        SH:  0    Dex: 13    Spells: 11/19 levels left

rFire   . . .        (no weapon)
rCold   . . .        (no shield)
rNeg    . . .        a - +0 robe
rPois   .            (no helmet)
rElec   .            (no cloak)
rCorr   .            (no gloves)
SInv    .            (no boots)
Will    .....        v - amulet of regeneration
Stlth   ++           (no ring)
HPRegen 1.05/turn    (no ring)
MPRegen 0.16/turn

%: no passive effects
@: no status effects
A: no striking features
a: no special abilities


You were on level 3 of the Dungeon.
You visited 1 branch of the dungeon, and saw 4 of its levels.

You collected 133 gold pieces.

Inventory:

Hand Weapons
 k - a +0 battleaxe
 m - the +1 hand axe of Muebb {heavy, Stlth+}
   (You found it on level 2 of the Dungeon)

   Stlth:     It makes you more stealthy.
Missiles
 f - 18 poisoned darts
 n - 2 curare-tipped darts
Armour
 a - a +0 robe (worn)
 q - a +0 buckler
Jewellery
 v - an amulet of regeneration (around neck)
Talismans
 o - a beast talisman
 p - a granite talisman
Scrolls
 c - a scroll of brand weapon {unknown}
 g - 2 scrolls of revelation {unknown}
 h - a scroll of noise {unknown}
 i - 5 scrolls of identify {unknown}
 r - a scroll of vulnerability {unknown}
 t - a scroll of immolation {unknown}
 u - a scroll of poison {unknown}
Potions
 b - 2 potions of magic
 d - 2 potions of haste {unknown}
 e - 3 potions of lignification {unknown}
 j - a potion of brilliance {unknown}
 l - 3 potions of heal wounds {unknown}
 s - a potion of attraction {unknown}


   Skills:
 - Level 2.4 Dodging
 - Level 2.4 Stealth
 - Level 7.2 Spellcasting
 - Level 4.3 Conjurations
 + Level 4.3 Fire Magic


You had 11 spell levels left.
You knew the following spells:

 Your Spells              Type           Power      Damage    Failure   Level
a - Magic Dart            Conj           100%       1d8       1%          1
b - Searing Ray           Conj           62%        2d6       1%          2
c - Foxfire               Conj/Fire      100%       2x1d9     1%          1
d - Iskenderun's Mystic   Conj/Tloc      20%        2d6       26%         4

Your spell library contained the following spells:

 Spells                   Type           Power      Damage    Failure   Level
 Dazzling Flash           Conj/Hex       40%        N/A       8%          3
 Ignite Poison            Fire/Tmut/Pois 16%        N/A       11%         3
 Fulminant Prism          Conj/Hex       10%        3d9       26%         4
 Yara's Violent Unravell  Hex/Tmut       4%         3d4       88%         5
 Ignition                 Fire           15%        3d6       100%        8


Dungeon Overview and Level Annotations

Branches:
Dungeon (4/15)
 Temple: D:4-7

Altars:
Ru

Annotations:
D:3 Edmund


Message History

a +0 mace; a +0 dagger; an orc corpse
Casting: Magic Dart (safe; 1% risk of failure)
Confirm with . or Enter, or press ? or * to list all spells.
The spell is extremely dangerous to miscast (26% risk of failure)!
Continue anyway?
You erupt in a blast of force!
The mystic blast hits Edmund but does no damage.
Edmund barely misses you.
Casting: Iskenderun's Mystic Blast (extremely dangerous; 26% risk of failure)
Confirm with . or Enter, or press ? or * to list all spells.
The spell is extremely dangerous to miscast (26% risk of failure)!
Continue anyway?
You erupt in a blast of force!
The mystic blast hits Edmund.
Edmund is lightly wounded.
Edmund is knocked back by the mystic blast.
Casting: Iskenderun's Mystic Blast (extremely dangerous; 26% risk of failure)
Confirm with . or Enter, or press ? or * to list all spells.
Aiming: Searing Ray (safe; 1% risk of failure)
Press: ? - help, Shift-Dir - straight line, f - Edmund
Aim: Edmund, wielding a +0 flail of protection and wearing a +0 ring mail (lightly wounded, 82% to hit)
The searing ray hits Edmund!
Edmund is moderately wounded. (Press . to maintain the ray.)
The searing ray hits Edmund.
Edmund is heavily wounded.
The searing ray hits Edmund!
Edmund is severely wounded.
Edmund hits you with a +0 flail of protection!
The searing ray hits Edmund.
Edmund is severely wounded.
You finish channelling your searing ray.
Edmund hits you with a +0 flail of protection!
* * * LOW HITPOINT WARNING * * *
Casting: Searing Ray (safe; 1% risk of failure)
Confirm with . or Enter, or press ? or * to list all spells.
Aiming: Searing Ray (safe; 1% risk of failure)
Press: ? - help, Shift-Dir - straight line, f/p - Edmund
Aim: Edmund, wielding a +0 flail of protection and wearing a +0 ring mail (severely wounded, 82% to hit)
The searing ray misses Edmund. (Press . to maintain the ray.) Edmund hits you with a +0 flail of protection!
You die...

.........####...###########...###
.........'.......................
..(......####....##########...###
#.......## ##.#.# #.......
##.....## ###.# ##.##.##. ##)..##
#)# #.....##. ##'## #># #..#####.
#.###########@# ####..#####.
#.#.........#@# #........##.
##.#..###.##.#.# #.##...)....
##.....# #.##.#.# #.##.###.###
#......###.##.#.# #.##.###.###
##..............# #.##........
####.#.........### #.######.##.
..<..#......#### #.######.##.
####.######## #........##. #.#
############


You could see Edmund.

Vanquished Creatures
  An ogre (D:3)
  A scorpion (D:4)
  An orc priest (D:3)
  An orc wizard (D:3)
  5 adders
  3 worms
  4 dart slugs
  7 orcs (D:3)
  7 endoplasms
  9 giant cockroaches
  12 goblins
  7 hobgoblins
  4 jackals (D:3)
  5 kobolds
  A quokka (D:3)
  4 ball pythons
  7 bats
  3 frilled lizards
  4 rats
86 creatures vanquished.

Vanquished Creatures (others)
  41 foxfires
41 creatures vanquished.

Grand Total: 127 creatures vanquished

Notes
Turn   | Place    | Note
-------+----------+-------------------------------------------
     0 | D:1      | horus123 the Deep Elf Conjurer began the quest for the Orb.
     0 | D:1      | Reached XP level 1. HP: 10/10 MP: 6/6
   242 | D:1      | Reached skill level 4 in Spellcasting
   242 | D:1      | Reached XP level 2. HP: 15/15 MP: 6/9
   245 | D:1      | Learned a level 2 spell: Searing Ray
  1319 | D:1      | Reached XP level 3. HP: 19/19 MP: 8/11
  1400 | D:2      | Reached skill level 5 in Spellcasting
  1456 | D:2      | Found a sacrificial altar of Ru.
  1753 | D:2      | Identified the +1 hand axe of Muebb {heavy, Stlth+}
  1869 | D:2      | Reached XP level 4. HP: 23/24 MP: 9/13
  1921 | D:2      | Reached skill level 6 in Spellcasting
  2263 | D:3      | Reached skill level 7 in Spellcasting
  2265 | D:3      | Reached XP level 5. HP: 23/28 MP: 2/16
  2519 | D:3      | Got Guryzocw's Writings on Singed Shaping
  2550 | D:3      | Learned a level 1 spell: Foxfire
  2728 | D:3      | Noticed an ogre
  2735 | D:3      | Learned a level 4 spell: Iskenderun's Mystic Blast
  2742 | D:3      | Killed an ogre
  2891 | D:3      | Found a faded altar of an unknown god.
  3188 | D:3      | Reached XP level 6. HP: 30/32 MP: 15/18
  3584 | D:4      | Noticed Edmund
  3684 | D:3      | Slain by Edmund

Illustrated notes

Levels and vault maps discovered:
D:1:      dpeg_arrival_morbid_curiosity, layout_basic
D:2:      layout_rooms, basic_altar
D:3:      layout_loops_corners, gup_sewer_entry_pipe, basic_ecumenical_altar
D:4:      layout_basic, fiery_altar_vehumet, minmay_temple_entry_junction,
          uniq_edmund

Skill      XL: |  1  2  3  4  5  6 |
---------------+-------------------+-----
Spellcasting   | 4 5 7 |  7.2
Fire Magic     | 3 4 |  4.3
Dodging        | |  2.4
Stealth        | |  2.4
Conjurations   | |  4.3

Action                     |  1- 3 |  4- 6 || total
---------------------------+-------+-------++-------
   Cast: Magic Dart        |    78 |    50 ||   128
         Searing Ray       |     1 |     9 ||    10
         Foxfire           |       |    28 ||    28
         Iskenderun's Myst |       |     2 ||     2
 Armour: Robe              |     5 |     6 ||    11
  Dodge: Dodged            |     6 |    16 ||    22

Table legend: (Time is in decaauts)
 A = Elapsed time spent in this place.
 B = Non-inter-level travel time spent in this place.
 C = Inter-level travel time spent in this place.
 D = Time resting spent in this place.
 E = Time spent auto-exploring this place.
 F = Levels seen in this place.
 G = Mean time per level.
                   A        B        C        D        E       F      G
               +--------+--------+--------+--------+--------+-----+--------+
         Total |   3694 |   3556 |    138 |    322 |   2826 |   4 |  923.5 |
       Dungeon |   3694 |   3556 |    138 |    322 |   2826 |   4 |  923.5 |
               +--------+--------+--------+--------+--------+-----+--------+

Top non-repeatable levels by time:
     D:3: 1434 daAuts
     D:1: 1397 daAuts
     D:2: 850 daAuts
     D:4: 11 daAuts
